 Dungeon Crawl Stone Soup version 0.31.0-1-g2c135a0 (webtiles) character file.

Game seed: 4750185092448582477

2709 edsrzf the Covert (level 9, 0/54 HPs)
             Began as an Octopode Reaver on Jan 31, 2024.
             Slain by a gnoll sergeant
             ... wielding a +3 spear of flaming
              (8 damage)
             ... on level 7 of the Dungeon.
             The game lasted 00:10:36 (5943 turns).

edsrzf the Covert (Octopode Reaver)                 Turns: 5943, Time: 00:10:36

Health: 0/54       AC:  3    Str: 11    XL:     9   Next: 66%
Magic:  13/13      EV:  2    Int: 19    God:
Gold:   260        SH:  0    Dex: 11    Spells: 9/12 levels left

rFire   . . .        D - +2 rapier (elec)
rCold   . . .        (no shield)
rNeg    . . .        (helmet restricted)
rPois   .            (no amulet)
rElec   .            l - ring of willpower
rCorr   .            (no ring)
SInv    .            (no ring)
Will    +....        (no ring)
Stlth   ++++++       (no ring)
HPRegen 0.29/turn    (no ring)
MPRegen 0.13/turn    (no ring)
                     (no ring)

%: no passive effects
@: sleeping
A: almost no armour, amphibious, 8 rings, camouflage 1, gelatinous body 1,
(nimble swimmer 1), tentacles, iridescent scales 1, high MP 1, inability to read
after injury 1, MP-powered wands
a: no special abilities


You were on level 7 of the Dungeon.
You visited 1 branch of the dungeon, and saw 7 of its levels.

You collected 272 gold pieces.
You spent 12 gold pieces at shops.

Inventory:

Hand Weapons
 a - a +0 falchion
 b - a +1 dagger of venom
 D - a +2 rapier of electrocution (weapon)
Missiles
 m - 18 poisoned darts
 n - 4 darts of dispersal
 q - a throwing net {=f}
Jewellery
 i - a ring of fire
 l - a ring of willpower (left tentacle)
Talismans
 s - a maw talisman
Wands
 r - a wand of roots (15)
 v - a wand of flame (12)
 y - a wand of digging (5)
Scrolls
 d - a scroll of enchant armour {unknown}
 h - a scroll of amnesia {unknown}
 j - 2 scrolls of fog {unknown}
 p - 5 scrolls of teleportation {unknown}
 t - 3 scrolls of immolation {unknown}
 w - 2 scrolls of blinking {unknown}
 x - a scroll of enchant weapon {unknown}
 A - 3 scrolls of identify {unknown}
 C - a scroll of fear {unknown}
Potions
 c - a potion of haste
 e - a potion of cancellation
 f - a potion of attraction {unknown}
 g - 2 potions of brilliance {unknown}
 k - 3 potions of mutation {!q}
 o - 2 potions of resistance {unknown}
 u - a potion of magic {unknown}
 z - 2 potions of curing {unknown}
 B - 3 potions of berserk rage {unknown}


   Skills:
 - Level 2.0 Fighting
 + Level 9.7 Long Blades
 - Level 2.0 Dodging
 + Level 12.8 Stealth
 - Level 2.0 Spellcasting
 - Level 3.0 Conjurations


You had 9 spell levels left.
You knew the following spells:

 Your Spells              Type           Power      Damage    Failure   Level
a - Kiss of Death         Conj/Necr      28%        2d7       9%          1
b - Momentum Strike       Conj/Tloc      14%        3d8       14%         2

Your spell library contained the following spells:

 Spells                   Type           Power      Damage    Failure   Level
 Hailstorm                Conj/Ice       7%         3d5       26%         3
 Iskenderun's Battlesphe  Conj           13%        2d7       80%         5
 Bombard                  Conj/Erth      3%         9d1       100%        6
 Spellforged Servitor     Conj/Summ      3%         N/A       100%        7


Dungeon Overview and Level Annotations

Branches:
Dungeon (7/15)             Temple (0/1) D:7

Altars:
Fedhas
Qazlal
Sif Muna

Shops:
D:1 !(:[   D:3 !([!   D:5 !

Annotations:
D:7 Prince Ribbit


Innate Abilities, Weirdness & Mutations

You cannot wear most types of armour.
You are amphibious.
You can wear up to eight rings at the same time.
Your skin changes colour to match your surroundings (Stealth+).
Your rubbery body absorbs attacks. (AC +1, EV +1)
((You are camouflaged when in or above water. (Stealth+)))
You have tentacles for arms and can constrict up to eight enemies at once.
You are partially covered in iridescent scales. (AC +2)
You have an increased reservoir of magic. (+10% MP)
You occasionally lose the ability to read scrolls when taking damage.
You expend magic power (3 MP) to strengthen your wands.


Message History

The bullfrog moves out of view.
Found a potion of mutation.
Found 17 gold pieces.
A steam dragon comes into view.
You see here a potion of mutation {!q}.
k - 3 potions of mutation {!q} (gained 1)
Found a stone staircase leading up.
The steam dragon hisses angrily.
You completely miss the steam dragon. Your squeeze misses the steam dragon.
The bullfrog croaks.
You hit the steam dragon.
The steam dragon is lightly wounded.
The steam dragon closely misses you. The steam dragon claws you.
You hit the steam dragon.
Lightning courses through the steam dragon!
You squeeze the steam dragon.
The steam dragon is almost dead.
The steam dragon misses you. The steam dragon claws you.
You closely miss the steam dragon.
The steam dragon is almost dead.
The steam dragon breathes steam at you. The ball of steam misses you.
You puncture the steam dragon!
You kill the steam dragon!
You are engulfed in a cloud of scalding steam.
You hit the bullfrog. You grab the bullfrog.
You squeeze the bullfrog, but do no damage.
The bullfrog is moderately wounded.
You are engulfed in a cloud of scalding steam.
You constrict the bullfrog. The bullfrog barely misses you.
You hit the bullfrog. Lightning courses through the bullfrog!
You squeeze the bullfrog.
You kill the bullfrog!
You are engulfed in a cloud of scalding steam.
You are engulfed in a cloud of scalding steam.
You now have 241 gold pieces (gained 17).
Found a stone staircase leading down.
g - 2 fuming grey potions (gained 1)
B - 3 sapphire potions (gained 1)
You now have 260 gold pieces (gained 19).
A - 3 scrolls labelled ZOGEOMI LULIMA (gained 1)
Found a stone staircase leading down.
Found 9 stones.
A gnoll comes into view. It is wielding a +0 spear.
Found a stone staircase leading up.
The gnoll shouts!
A gnoll is nearby!
A gnoll comes into view. It is wielding a +0 whip.
A gnoll sergeant comes into view. It is wielding a +3 spear of flaming.
The gnoll moves out of view.
A sleepcap comes into view.
The gnoll barely misses you.
You completely miss the gnoll.
The gnoll sergeant shouts!
You grab the gnoll. You tentacle-slap the gnoll.
The gnoll is moderately wounded.
You constrict the gnoll.
A gnoll comes into view. It is wielding a +0 club.
The gnoll barely misses you.
The gnoll shouts! x2
You puncture the gnoll! Lightning courses through the gnoll!
You kill the gnoll!
You hear a shout!
The gnoll sergeant hits you from afar with a +3 spear of flaming!
The gnoll sergeant burns you.
A gnoll comes into view. It is wielding a +0 whip.
The gnoll sergeant hits you with a +3 spear of flaming!
The gnoll sergeant burns you.
Things that are here:
a +0 spear; a gnoll corpse You hit the gnoll sergeant but do no damage.
You grab the gnoll sergeant. You constrict the gnoll sergeant.
The sleepcap barely misses you. The gnoll sergeant closely misses you.
You hit the gnoll sergeant but do no damage.
The gnoll sergeant is lightly wounded.
You constrict the gnoll sergeant. You closely miss the gnoll.
Your grab misses the gnoll.
You constrict the gnoll sergeant, but do no damage.
The sleepcap releases spores at you but does no damage.
The gnoll closely misses you.
The gnoll sergeant hits you with a +3 spear of flaming.
The gnoll sergeant burns you.
You hit the gnoll. You grab the gnoll.
The gnoll is lightly wounded.
You constrict the gnoll sergeant, but do no damage.
You constrict the gnoll. The sleepcap closely misses you.
The gnoll struggles to escape constriction.
The gnoll sergeant hits you with a +3 spear of flaming!
* * * LOW HITPOINT WARNING * * *
The gnoll sergeant burns you.
* * * LOW HITPOINT WARNING * * *
Okay, then.
You release your grip on the gnoll sergeant.
You release your grip on the gnoll.
The sleepcap attacks as it pursues you! The sleepcap releases spores at you.
* * * LOW HITPOINT WARNING * * *
You are engulfed in a cloud of soporific spores!
You fall asleep.
The gnoll sergeant hits you from afar with a +3 spear of flaming!
You die...

##..##
#.....#####.#
...## #######
#.# #.## #.#
..# #.#
#........ #.#
######### #
#.# # #. #.#
##
#####.#####.#
.....
......gg@.#.#
#####
##...ggf...#
#.#..<#.###
#.....# .
#.##### . #.
. #. . #


You could see a sleepcap, a gnoll sergeant and 3 gnolls.

Vanquished Creatures
  A hornet (D:5)
  2 steam dragons (D:7)
  Eustachio (D:6)
  Menkaure (D:7)
  2 water moccasins
  A hornet zombie (D:6)
  A black bear (D:7)
  An ogre (D:6)
  A kobold brigand (D:7)
  A phantom (D:5)
  3 bullfrogs
  4 scorpions
  2 water moccasin zombies (D:6)
  A water moccasin skeleton (D:6)
  A bullfrog zombie (D:6)
  A centaur zombie (D:6)
  2 orc priests (D:6)
  3 bombardier beetles
  4 hounds (D:5)
  2 jellies
  A sleepcap (D:6)
  4 iguanas
  4 gnolls
  9 adders
  A shadow imp (D:6)
  2 ufetubi (D:6)
  4 dart slugs
  2 ribbon worms
  14 orcs
  9 ball pythons
  4 bats
  6 endoplasms
  7 giant cockroaches
  5 goblins
  8 hobgoblins
  8 jackals
  9 kobolds
  2 quokkas
  3 frilled lizards (D:2)
  8 rats
145 creatures vanquished.

Notes
Turn   | Place    | Note
-------+----------+-------------------------------------------
     0 | D:1      | edsrzf the Octopode Reaver began the quest for the Orb.
     0 | D:1      | Reached XP level 1. HP: 14/14 MP: 3/3
    46 | D:1      | Found Ybluq's Antique Armour Boutique.
    72 | D:1      | Found Yrphog's Weapon Shoppe.
    83 | D:1      | Reached skill level 1 in Stealth
   128 | D:1      | Found Ohium's Distillery.
   144 | D:1      | Reached XP level 2. HP: 19/19 MP: 5/5
   465 | D:1      | Reached skill level 2 in Stealth
   704 | D:1      | Found Anogiof's Book Shop.
   915 | D:2      | Reached XP level 3. HP: 24/24 MP: 6/6
   928 | D:2      | Learned a level 2 spell: Momentum Strike
  1106 | D:2      | Found a faded altar of an unknown god.
  1118 | D:2      | Reached skill level 3 in Stealth
  1300 | D:2      | Reached skill level 4 in Long Blades
  1300 | D:2      | Reached XP level 4. HP: 15/29 MP: 7/7
  1642 | D:3      | Found Vuros's Antique Armour Boutique.
  1683 | D:3      | Found Poag's Weapon Shop.
  1685 | D:3      | Noticed a bullfrog
  1695 | D:3      | Killed a bullfrog
  1696 | D:3      | Reached skill level 4 in Stealth
  1696 | D:3      | Reached XP level 5. HP: 26/34 MP: 8/8
  1746 | D:3      | Reached skill level 5 in Stealth
  1894 | D:3      | Found Buzxerru's Distillery.
  1912 | D:3      | Found a stormy altar of Qazlal.
  2256 | D:3      | Found Tysma's Distillery.
  2260 | D:3      | Bought a potion of degeneration for 12 gold pieces
  2344 | D:4      | Reached skill level 5 in Long Blades
  2383 | D:4      | Reached skill level 6 in Stealth
  2383 | D:4      | Reached XP level 6. HP: 33/39 MP: 9/9
  2682 | D:4      | Found a blossoming altar of Fedhas.
  2916 | D:4      | Identified 2 potions of haste
  3395 | D:5      | Entered Level 5 of the Dungeon
  3445 | D:5      | Reached skill level 7 in Stealth
  3445 | D:5      | Reached XP level 7. HP: 28/45 MP: 10/10
  3453 | D:5      | Reached skill level 6 in Long Blades
  3453 | D:5      | Identified 2 potions of cancellation
  3454 | D:5      | Identified 3 potions of mutation
  3454 | D:5      | Gained mutation: You have an increased reservoir of magic.
                  | (+10% MP) [potion of mutation]
  3454 | D:5      | Gained mutation: You expend magic power (3 MP) to
                  | strengthen your wands. [potion of mutation]
  3454 | D:5      | Gained mutation: You occasionally lose the ability to read
                  | scrolls when taking damage. [potion of mutation]
  3454 | D:5      | Gained mutation: You are partially covered in iridescent
                  | scales. (AC +2) [potion of mutation]
  3454 | D:5      | HP: 2/45 [poisoned by a scorpion]
  3455 | D:5      | Identified 2 potions of heal wounds
  3712 | D:5      | Noticed a hornet
  3970 | D:5      | Reached skill level 8 in Stealth
  4215 | D:5      | Found Sorrom's Distillery.
  4324 | D:5      | Killed a hornet
  4325 | D:5      | Reached skill level 7 in Long Blades
  4325 | D:5      | Reached skill level 9 in Stealth
  4325 | D:5      | Reached XP level 8. HP: 50/50 MP: 12/12
  4399 | D:6      | Found a shimmering blue altar of Sif Muna.
  4489 | D:6      | Reached skill level 10 in Stealth
  4583 | D:6      | Reached skill level 8 in Long Blades
  4831 | D:6      | Noticed Eustachio
  4854 | D:6      | Killed Eustachio
  4855 | D:6      | Reached skill level 11 in Stealth
  4855 | D:6      | Reached XP level 9. HP: 50/54 MP: 13/13
  5399 | D:7      | Found a staircase to the Ecumenical Temple.
  5405 | D:7      | Noticed Prince Ribbit
  5424 | D:7      | Noticed Menkaure
  5435 | D:7      | Killed Menkaure
  5445 | D:7      | Reached skill level 9 in Long Blades
  5449 | D:7      | Reached skill level 12 in Stealth
  5943 | D:7      | Slain by a gnoll sergeant

Illustrated notes

Levels and vault maps discovered:
D:1:      dpeg_arrival_rhombus, layout_loops_ring, serial_shops,
          nicolae_lakefront_shop, shop_statue, shop, shop,
          chequers_serial_rivers_large_b
D:2:      layout_loops_cross, chequers_ecumenical_altar_island
D:3:      layout_basic, old_standard_altar, serial_shops,
          nicolae_shop_tiny_statue_garden, shop,
          nicolae_shop_tiny_statue_garden, nicolae_square_shop
D:4:      layout_loops_ring, mainiacjoe_overflow_alcove_2, dk_vineyard_3,
          corexii_checkpoint, minmay_quantized
D:5:      layout_loops_ring, serial_shops, nicolae_shop_real_fake_doors
D:6:      layout_loops_ring, mainiacjoe_overflow_24_doors, serial_undead,
          serial_undead_e, serial_undead_c, serial_undead_b, serial_undead_f,
          chequers_serial_rivers_micro_c, uniq_eustachio
D:7:      layout_basic, minmay_temple_entry_gardened_gates, uniq_menkaure,
          uniq_prince_ribbit1

Skill      XL: |  1  2  3  4  5  6  7  8  9 |
---------------+----------------------------+-----
Stealth        | 1 2 3 4 6 7 9 11 12 | 12.8
Long Blades    | 4 5 7 8 9 |  9.7
Fighting       | |  2.0
Dodging        | |  2.0
Spellcasting   | |  2.0
Conjurations   | |  3.0

Action                     |  1- 3 |  4- 6 |  7- 9 || total
---------------------------+-------+-------+-------++-------
  Melee: Falchion          |    35 |       |       ||    35
         Constrict         |    17 |    35 |    33 ||    85
         Tentacles         |    11 |    33 |    43 ||    87
         Dagger            |    27 |   124 |   120 ||   271
         Punch             |     1 |     4 |     6 ||    11
         Rapier            |       |       |    48 ||    48
  Throw: Dart              |       |       |     1 ||     1
    Use: Potion            |       |     1 |     4 ||     5
   Stab: Sleeping          |    11 |    11 |    15 ||    37
 Armour: Skin              |    22 |    38 |    88 ||   148
  Dodge: Dodged            |    38 |    54 |   109 ||   201
